 Seeded DCSS version 0.30.1 (webtiles) character file.

Game seed: 6351066067085065685 (custom seed)

5909 Esekla the Thaumaturge (level 10, -1/50 HPs)
             Began as a Deep Elf Necromancer on July 7, 2023.
             Was an Elder of Vehumet.
             Slain by a killer bee (7 damage)
             ... on level 9 of the Dungeon on July 8, 2023.
             The game lasted 01:00:37 (9415 turns).

Esekla the Thaumaturge (Deep Elf Necromancer)       Turns: 9415, Time: 01:00:37

Health: -1/50      AC:  6    Str:  5    XL:     10   Next: 53%
Magic:  36/36      EV: 15    Int: 25    God:    Vehumet [****..]
Gold:   573        SH:  4    Dex: 15    Spells: 22/32 levels left

rFire   . . .        a - +4 scimitar
rCold   . . .        F - +0 buckler
rNeg    . . .        c - +0 robe
rPois   .            O - +1 helmet
rElec   .            J - +0 cloak
rCorr   .            j - +0 pair of gloves
SInv    .            (no boots)
Will    +....        B - amulet of magic regeneration
Stlth   +++          G - ring of magical power
HPRegen 0.28/turn    (no ring)
MPRegen 0.65/turn

%: no passive effects
@: lethally poisoned (-1 -> -7), about to teleport, studying Fighting
A: no striking features
a: Renounce Religion


You were on level 9 of the Dungeon.
You worshipped Vehumet.
Vehumet was greatly pleased with you.
You visited 1 branch of the dungeon, and saw 9 of its levels.
You also visited: Bailey.

You collected 573 gold pieces.

Inventory:

Hand Weapons
 a - a +4 scimitar (weapon)
 r - a +4 trident of venom
 s - a +2 vampiric dagger
 v - a +2 rapier of venom
 w - the +2 bardiche of Puhoisos {heavy, rElec Stlth+}
   (You found it in a bailey)

   rElec:     It insulates you from electricity.
   Stlth:     It makes you more stealthy.
Missiles
 p - 28 poisoned darts (quivered)
 I - 3 throwing nets
 L - 3 curare-tipped darts
 N - 3 boomerangs
Armour
 c - a +0 robe (worn)
 j - a +0 pair of gloves (worn)
 F - a +0 buckler (worn)
 J - a +0 cloak (worn)
 O - a +1 helmet (worn)
Jewellery
 B - an amulet of magic regeneration (around neck)
 G - a ring of magical power (left hand)
Wands
 f - a wand of roots (10)
 l - a wand of flame (6)
 D - a wand of mindburst (4)
Scrolls
 e - 4 scrolls of fear
 k - a scroll of immolation {unknown}
 n - 2 scrolls of fog
 q - 4 scrolls of blinking
 t - a scroll of amnesia
 u - 3 scrolls of enchant weapon {unknown}
 x - a scroll of summoning {unknown}
 y - a scroll of silence {unknown}
 z - a scroll of enchant armour {unknown}
 A - a scroll of magic mapping {unknown}
 E - a scroll of teleportation
 K - 2 scrolls of poison {unknown}
 M - 3 scrolls of noise {unknown}
 P - a scroll of acquirement
Potions
 b - a potion of magic
 d - 3 potions of ambrosia
 g - 5 potions of attraction
 h - 4 potions of haste
 i - 5 potions of curing
 m - 2 potions of heal wounds
 o - 3 potions of brilliance
 C - a potion of lignification
 H - a potion of mutation


   Skills:
 * Level 0.2 Fighting
 + Level 3.5(4.0) Short Blades
 + Level 2.6(3.4) Long Blades
 + Level 1.6 Throwing
 * Level 8.0 Dodging
 + Level 4.7 Stealth
 * Level 2.5 Shields
 * Level 11.5 Spellcasting
 * Level 1.4 Conjurations
 + Level 10.4 Necromancy
 * Level 4.7 Translocations
 * Level 2.1 Fire Magic
 + Level 1.0 Evocations


You had 22 spell levels left.
You knew the following spells:

 Your Spells              Type           Power      Damage    Failure   Level
d - Vampiric Draining     Necr           61%        2d10      1%          3
t - Teleport Other        Tloc           38%        N/A       3%          3
y - Sticky Flame          Conj/Fire      23%        2d4       10%         4

Your spell library contained the following spells:

 Spells                   Type           Power      Damage    Failure   Level
 Necrotise                Necr           100%       1d9       1%          1
 Lesser Beckoning         Tloc           76%        N/A       1%          2
 Animate Dead             Necr           61%        N/A       1%          4
 Agony                    Necr           61%        N/A       2%          5
 Gell's Gravitas          Tloc           38%        N/A       3%          3
 Spider Form              Tmut/Pois      14%        N/A       22%         3
 Cause Fear               Hex            7%         N/A       58%         4
 Summon Mana Viper        Hex/Summ       14%        N/A       91%         5


Dungeon Overview and Level Annotations

Branches:
Dungeon (9/15)             Temple (0/1) D:6          Bailey (visited)
   Lair: D:8-11         Orc: D:9-12

Altars:
Dithmenos
Fedhas
Hepliaklqana
Okawaru
Qazlal
Trog
Uskayaw
Vehumet
Zin
The Shining One

Shops:
D:2 =   D:4 (


Message History

Aim: a killer bee (26% to hit)
You throw a poisoned dart.
The poisoned dart closely misses the killer bee.
A killer bee comes into view.
A killer bee comes into view.
You miss the killer bee.
The killer bee buzzes angrily.
You hear an angry buzzing noise. x2
You hear a shout!
The killer bee misses you.
A killer bee comes into view.
You block the killer bee's attack.
A killer bee comes into view.
You block the killer bee's attack. The killer bee stings you.
The killer bee stings you. The killer bee closely misses you.
You open the door.
A cyclops comes into view.
The killer bee buzzes angrily.
The cyclops shouts!
You hear a shout!
The killer bee stings you! The killer bee completely misses you.
The killer bee stings you but does no damage. x2
The killer bee stings you.
You are poisoned.
The killer bee poisons you!
As you read the scroll of teleportation, it crumbles to dust.
You feel strangely unstable.
You feel sick. The killer bee stings you. The killer bee closely misses you.
The killer bee barely misses you. x2
The killer bee stings you.
You are more poisoned.
The killer bee poisons you! The killer bee closely misses you.
The killer bee stings you! x2
* * * LOW HITPOINT WARNING * * *
You are more poisoned.
The killer bee poisons you! You block the killer bee's attack.
You feel better. The killer bee stings you.
* * * LOW HITPOINT WARNING * * *
You are poisoned.
The killer bee poisons you! The killer bee stings you.
* * * LOW HITPOINT WARNING * * *
The killer bee stings you!
You die...

#..# #+##..# .....#
..C.### ## ..... ... ...
..(. ##y######.....
#.@y.......# #yyy......#
###############.....#.#..#
...................##.# .#
....................###
.................#..#
.................#..#
.###############.#.## .#
#....


You could see a cyclops and 5 killer bees.

Vanquished Creatures
  A two-headed ogre (D:8)
  Pikel (D:6)
  2 orc knights (Bailey)
  Joseph (D:7)
  A steam dragon (D:8)
  2 wyverns
  Menkaure (D:7)
  An ice beast (D:6)
  A sky beast (D:6)
  7 orc warriors (Bailey)
  2 black bears
  2 ogres
  A centaur (D:7)
  A phantom (D:6)
  Blork the orc (D:6)
  2 kobold brigands
  2 gnoll sergeants
  A bullfrog (D:7)
  2 scorpions (D:5)
  3 wights (D:7)
  2 quasits
  5 hounds
  A jelly (D:6)
  Crazy Yiuf (D:7)
  4 orc priests (D:8)
  A sleepcap (D:5)
  5 iguanas
  5 orc wizards
  19 gnolls
  9 adders
  2 shadow imps (D:8)
  6 white imps
  4 ufetubi
  A worm (D:4)
  3 dart slugs
  48 orcs
  6 ball pythons
  4 bats
  4 endoplasms
  9 goblins
  7 hobgoblins
  A quokka (D:1)
  4 frilled lizards
  14 kobolds
  A rat (D:1)
201 creatures vanquished.

Vanquished Creatures (others)
  A shadow imp (D:8)
1 creature vanquished.

Grand Total: 202 creatures vanquished

Notes
Turn   | Place    | Note
-------+----------+-------------------------------------------
     0 | D:1      | Esekla the Deep Elf Necromancer began the quest for the
                  | Orb.
     0 | D:1      | Reached XP level 1. HP: 10/10 MP: 6/6
   132 | D:1      | Reached skill level 5 in Necromancy
   226 | D:1      | Reached XP level 2. HP: 13/15 MP: 8/8
   441 | D:4      | Found a radiant altar of Vehumet.
   445 | D:4      | Became a worshipper of Vehumet
   612 | D:3      | Identified the +5 rapier of the Hero {heavy, rN+ Dex+3}
   627 | D:2      | Found Renulab's Jewellery Shop.
   751 | D:1      | Reached XP level 3. HP: 19/19 MP: 9/9
   755 | D:1      | Learned a level 3 spell: Vampiric Draining
   933 | D:2      | Noticed a black bear
  1138 | D:2      | Reached XP level 4. HP: 24/24 MP: 11/11
  1153 | D:2      | Found a faded altar of an unknown god.
  1206 | D:2      | Reached skill level 1 in Short Blades
  1250 | D:2      | Killed a black bear
  1251 | D:2      | Reached skill level 4 in Spellcasting
  1251 | D:2      | Reached XP level 5. HP: 26/28 MP: 2/13
  1655 | D:3      | Found a stormy altar of Qazlal.
  1784 | D:3      | Found a hazy altar of Hepliaklqana.
  1786 | D:3      | Found a bloodstained altar of Trog.
  1930 | D:3      | Reached * piety under Vehumet
  1930 | D:3      | Offered knowledge of Shock by Vehumet.
  2359 | D:4      | Found Ponaysk's Antique Weapon Boutique.
  2536 | D:4      | Found an iron altar of Okawaru.
  2547 | D:4      | Found a glowing silver altar of Zin.
  2581 | D:4      | Reached XP level 6. HP: 32/32 MP: 14/14
  2758 | D:5      | Entered Level 5 of the Dungeon
  2766 | D:5      | Got the Parchment of the Lumpy Olives
  2784 | D:5      | Found a shadowy altar of Dithmenos.
  3101 | D:4      | Found a glowing golden altar of the Shining One.
  3318 | D:5      | Reached XP level 7. HP: 36/36 MP: 16/16
  3425 | D:5      | Reached skill level 5 in Spellcasting
  4070 | D:6      | Reached skill level 6 in Spellcasting
  4079 | D:6      | Reached skill level 1 in Throwing
  4079 | D:6      | Reached skill level 5 in Dodging
  4079 | D:6      | Reached skill level 1 in Translocations
  4102 | D:6      | Reached ** piety under Vehumet
  4102 | D:6      | Offered knowledge of Freeze by Vehumet.
  4107 | D:6      | Found a blossoming altar of Fedhas.
  4190 | D:6      | Found a staircase to the Ecumenical Temple.
  4237 | D:6      | Reached XP level 8. HP: 27/41 MP: 15/20
  4314 | D:6      | Noticed Pikel
  4351 | D:6      | Learned a level 3 spell: Teleport Other
  4443 | D:6      | Killed Pikel
  4444 | D:6      | Reached skill level 8 in Spellcasting
  4561 | D:6      | Noticed Blork the orc
  4576 | D:6      | Killed Blork the orc
  5170 | D:7      | Reached XP level 9. HP: 38/45 MP: 12/23
  5192 | D:7      | Noticed Menkaure
  5551 | D:8      | Reached skill level 9 in Spellcasting
  5580 | D:8      | Noticed a two-headed ogre
  5627 | D:8      | Found a transporter.
  5627 | D:8      | Found a transporter.
  5628 | D:8      | Found a transporter.
  5893 | D:6      | Reached skill level 1 in Long Blades
  6143 | D:7      | Found a runed translucent door.
  6144 | D:7      | Noticed Crazy Yiuf
  6152 | D:7      | Killed Crazy Yiuf
  6480 | D:7      | Noticed Joseph
  6565 | D:7      | Killed Menkaure
  7078 | D:7      | Reached skill level 1 in Shields
  7144 | D:8      | Reached skill level 10 in Spellcasting
  7152 | D:8      | Offered knowledge of Stone Arrow by Vehumet.
  7156 | D:8      | HP: 2/45 [shadow imp/nerve-wracking pain (4)]
  7586 | D:8      | Reached *** piety under Vehumet
  7741 | D:8      | Found a hide-covered altar of Uskayaw.
  8008 | D:8      | Killed a two-headed ogre
  8009 | D:8      | Reached skill level 1 in Evocations
  8270 | D:8      | Reached XP level 10. HP: 47/50 MP: 26/26
  8287 | D:8      | Found a transporter.
  8570 | D:7      | Killed Joseph
  8571 | D:7      | Reached skill level 10 in Necromancy
  8693 | D:9      | Found a flagged portal.
  8755 | Bailey   | Entered a bailey
  8773 | Bailey   | Offered knowledge of Sticky Flame by Vehumet.
  8774 | Bailey   | Reached skill level 11 in Spellcasting
  8788 | Bailey   | Learned a level 4 spell: Sticky Flame
  8901 | Bailey   | Reached skill level 1 in Fire Magic
  9072 | Bailey   | Identified the +2 bardiche of Puhoisos {heavy, rElec
                  | Stlth+}
  9075 | Bailey   | Noticed an orc knight
  9075 | Bailey   | Noticed an orc knight
  9109 | Bailey   | Killed an orc knight
  9110 | Bailey   | Reached skill level 1 in Conjurations
  9184 | Bailey   | Killed an orc knight
  9366 | D:9      | Reached **** piety under Vehumet
  9413 | D:9      | Noticed a cyclops
  9415 | D:9      | Slain by a killer bee

Illustrated notes

Levels and vault maps discovered:
D:1:      sevenhm_arrival_forest_fort_small_3, layout_rooms,
          chequers_serial_rivers_room_b, minmay_misc_feat_five
D:2:      layout_loops_ring, dreamdust_ecumenical_altar_angels_and_demons,
          serial_shops, shop
D:3:      layout_basic, grunt_temple_overflow_open, minmay_misc_feat_iff
D:4:      layout_basic, nicolae_overflow_quartered_altars, serial_shops,
          nicolae_diamond_shop
D:5:      layout_loops_ring, lemuel_doored_altar, minmay_misc_feat_rows,
          dreamdust_wishing_well
D:6:      layout_loops_cross, fedhas_altar_fruit_tree,
          minmay_temple_entry_glass, uniq_pikel, uniq_blork_the_orc
D:7:      layout_basic, uniq_menkaure, uniq_joseph, uniq_crazy_yiuf_cottage
D:8:      layout_basic, nicolae_uskayaw_dance_hall, serial_demonic,
          serial_demonic_d, serial_demonic_a, serial_demonic_c,
          serial_demonic_c, nicolae_diode_quadrants
D:9:      layout_irregular_city, kennysheep_little_box, enter_bailey_4,
          minmay_between, uniq_harold

Skill      XL: |  1  2  3  4  5  6  7  8  9 10 |
---------------+-------------------------------+-----
Necromancy     | 5 6 8 9 10 | 10.4
Dodging        | 3 4 5 6 7 8 |  8.0
Stealth        | 3 4 |  4.7
Short Blades   | 1 2 3 |  3.5
Spellcasting   | 4 6 8 10 11 | 11.5
Throwing       | 1 |  1.6
Translocations | 1 3 4 |  4.7
Long Blades    | 2 |  2.6
Shields        | 1 2 |  2.5
Evocations     | 1 |  1.0
Fire Magic     | 2 |  2.1
Conjurations   | 1 |  1.4
Fighting       | |  0.2

Action                     |  1- 3 |  4- 6 |  7- 9 | 10-12 || total
---------------------------+-------+-------+-------+-------++-------
  Melee: Unarmed           |     9 |       |       |       ||     9
         Dagger            |    21 |    37 |   153 |     6 ||   217
         Short sword       |     8 |       |       |       ||     8
         Punch             |     2 |       |     4 |       ||     6
         Rapier            |    32 |    39 |       |       ||    71
         Scimitar          |       |       |   126 |    39 ||   165
  Throw: Dart              |       |    11 |    27 |     9 ||    47
   Cast: Vampiric Draining |       |    19 |    84 |    29 ||   132
         Teleport Other    |       |       |    17 |       ||    17
         Sticky Flame      |       |       |       |     5 ||     5
  Evoke: Wand              |       |       |    24 |       ||    24
    Use: Potion            |       |       |     3 |     1 ||     4
         Scroll            |       |       |    12 |     1 ||    13
   Stab: Sleeping          |     3 |     8 |     4 |     2 ||    17
         Distracted        |     1 |     1 |     1 |       ||     3
 Armour: Robe              |     8 |    15 |    57 |    18 ||    98
  Dodge: Dodged            |    44 |    59 |   268 |    72 ||   443
  Block: Buckler           |       |       |       |    16 ||    16
